 Dungeon Crawl Stone Soup version 0.30-a0-341-g682706514a (webtiles) character file.

Game seed: 17185273586699228168

21 JoshKwa the Firebug (level 3, -2/24 HPs)
             Began as a Human Fire Elementalist on Nov 1, 2022.
             Slain by a gnoll
             ... wielding a +0 spear
              (6 damage)
             ... on level 2 of the Dungeon.
             The game lasted 00:05:55 (716 turns).

JoshKwa the Firebug (Human Fire Elementalist)        Turns: 716, Time: 00:05:56

Health: -2/24      AC:  3    Str: 10    XL:     3   Next: 2%
Magic:  5/6        EV:  6    Int: 15    God:
Gold:   98         SH:  0    Dex: 13    Spells: 3/6 levels left

rFire   . . .      SeeInvis .    f - +0 short sword
rCold   . . .      Faith    .    (no shield)
rNeg    . . .      Spirit   .    a - +0 robe
rPois   .          Reflect  .    h - +0 helmet
rElec   .          Harm     .    (no cloak)
rCorr   .          Rampage  .    (no gloves)
Will    .....                    (no boots)
Stlth   ++........               (no amulet)
HPRegen 0.24/turn                (no ring)
MPRegen 0.10/turn                (no ring)

@: about to teleport, held
A: no striking features
a: no special abilities


You were on level 2 of the Dungeon.
You visited 1 branch of the dungeon, and saw 2 of its levels.

You collected 98 gold pieces.

Inventory:

Hand Weapons
 f - a +0 short sword (weapon)
Armour
 a - a +0 robe (worn)
 h - a +0 helmet (worn)
Scrolls
 i - a scroll of poison {unknown}
Potions
 d - a potion of might
 e - a potion of ambrosia {unknown}
 g - a potion of heal wounds {unknown}


   Skills:
 + Level 2.1 Dodging
 + Level 2.2 Stealth
 + Level 2.3 Spellcasting
 + Level 1.0 Conjurations
 + Level 3.4 Fire Magic


You had 3 spell levels left.
You knew the following spells:

 Your Spells              Type           Power      Damage    Failure   Level
a - Foxfire               Conj/Fire      32%        2x1d5     9%          1
b - Scorch                Fire           24%        2d6       8%          2

Your spell library contained the following spells:

 Spells                   Type           Power      Damage    Failure   Level
 Inner Flame              Hex/Fire       6%         N/A       32%         3
 Kindle Blastsparks       Fire/Tloc/Air  10%        2d10      38%         3
 Gell's Gravitas          Tloc           1%         N/A       54%         3
 Lesser Beckoning         Tloc           2%         N/A       54%         3
 Teleport Other           Tloc           1%         N/A       54%         3
 Flame Wave               Conj/Fire      8%         2d5       63%         4


Dungeon Overview and Level Annotations

Branches:
Dungeon (2/15)

Altars:
The Shining One


Message History

You see here 6 stones.
Found a stone staircase leading up.
Your magical contamination has completely faded away. 3 gnolls come into view.
The gnoll shouts! x2
Casting: Foxfire (safe; 9% risk of failure)
Press: ? - help, Q - select action, (/) - cycle Dir - look around, f - activate You conjure some foxfire!
Your foxfire dissipates!
The foxfire hits the gnoll.
The gnoll is moderately wounded.
Magic courses through your body.
Casting: Foxfire (safe; 9% risk of failure)
Press: ? - help, Q - select action, (/) - cycle Dir - look around, f - activate You conjure some foxfire!
The gnoll throws a throwing net.
The throwing net hits you.
You become entangled in the net!
You struggle against the net.
The foxfire hits the gnoll.
The gnoll is lightly wounded.
The foxfire hits the gnoll.
The gnoll is heavily wounded.
Unknown command.
Casting: Foxfire (safe; 9% risk of failure)
Press: ? - help, Q - select action, (/) - cycle Dir - look around, f - activate You conjure some foxfire!
The gnoll barely misses you.
The gnoll hits you from afar with a +0 spear!
The gnoll hits you with a +0 whip.
You struggle against the net.
The foxfire hits the gnoll.
The gnoll is moderately wounded.
The foxfire hits the gnoll.
The gnoll is heavily wounded.
The gnoll hits you with a +0 whip.
* * * LOW HITPOINT WARNING * * *
The gnoll hits you but does no damage. The gnoll hits you with a +0 club.
* * * LOW HITPOINT WARNING * * *
As you read the scroll of teleportation, it crumbles to dust.
You feel strangely unstable.
The gnoll hits you from afar with a +0 spear.
You die...

#.....# #.##..##.#######
#####.###.##.##..#
#####...........#####
#.....................#
##....####(#.#.)#####...
####.## #.# #..# # #..#
#.# ..###
####.###.#.....#
.....<.g@.......
###.#gg...###.#
##......##.#
####.....### .#
........## .# #####.#..#
# ...##..# ... ..g. ###
##..g


You could see 3 gnolls.

Vanquished Creatures
  3 bats (D:1)
  4 endoplasms (D:1)
  A giant cockroach (D:1)
  A goblin (D:1)
  A hobgoblin (D:1)
  3 jackals (D:1)
  A kobold (D:2)
  A ball python (D:1)
  A frilled lizard (D:1)
  2 rats (D:1)
18 creatures vanquished.

Vanquished Creatures (others)
  38 foxfires
38 creatures vanquished.

Grand Total: 56 creatures vanquished

Notes
Turn   | Place    | Note
-------+----------+-------------------------------------------
     0 | D:1      | JoshKwa the Human Fire Elementalist began the quest for the
                  | Orb.
     0 | D:1      | Reached XP level 1. HP: 13/13 MP: 3/3
    90 | D:1      | Reached XP level 2. HP: 18/19 MP: 3/5
    93 | D:1      | Learned a level 2 spell: Scorch
   677 | D:2      | Reached XP level 3. HP: 24/24 MP: 3/6
   677 | D:2      | Found a glowing golden altar of the Shining One.
   716 | D:2      | Slain by a gnoll

Illustrated notes

Levels and vault maps discovered:
D:1:      dpeg_arrival_orchard, layout_loops_ring
D:2:      layout_rooms, basic_altar

Action                   || total
-------------------------++-------
Melee: Short sword       ||     9
 Cast: Foxfire           ||    33
  Use: Scroll            ||     4
       Potion            ||     1
Armor: Robe              ||     5
Dodge: Dodged            ||    25

Table legend: (Time is in decaauts)
 A = Elapsed time spent in this place.
 B = Non-inter-level travel time spent in this place.
 C = Inter-level travel time spent in this place.
 D = Time resting spent in this place.
 E = Time spent auto-exploring this place.
 F = Levels seen in this place.
 G = Mean time per level.
                   A        B        C        D        E       F      G
               +--------+--------+--------+--------+--------+-----+--------+
         Total |    715 |    618 |     97 |      0 |      0 |   2 |  357.5 |
       Dungeon |    715 |    618 |     97 |      0 |      0 |   2 |  357.5 |
               +--------+--------+--------+--------+--------+-----+--------+

Top non-repeatable levels by time:
     D:1: 671 daAuts
     D:2: 43 daAuts
